 Dungeon Crawl Stone Soup version 0.30.1-9-gdf580d7c3d (webtiles) character file.

Game seed: 7336304992886895270

506 bearlyready the Slasher (level 7, -1/46 (50) HPs)
             Began as a Formicid Reaver on Oct 21, 2023.
             Was a Believer of Ru.
             Slain by a mummy (11 damage)
             ... in an ossuary.
             The game lasted 00:10:50 (4127 turns).

bearlyready the Slasher (Formicid Reaver)           Turns: 4127, Time: 00:10:51

HP:   -1/46 (50)    AC:  7    Str: 18    XL:     7   Next: 41%
MP:   10/10         EV: 12    Int: 13    God:    Ru [**....]
Gold: 189           SH:  5    Dex: 12    Spells: 8/11 levels left

rFire   . . .        a - +0 falchion (venom)
rCold   + . .        (no shield)
rNeg    . . .        i - +2 robe {rC+}
rPois   .            (helmet unavailable)
rElec   .            n - +2 cloak {Stlth+}
rCorr   .            (no gloves)
SInv    +            (no boots)
Will    .....        v - amulet of reflection Stlth
                     (no ring)
HPRegen 0.27/turn    (no ring)
MPRegen 0.12/turn

%: reflection
@: drained
A: permanent stasis, dig shafts and tunnels, antennae 3, no stealth, hated by
all, four strong arms
a: Dig, Renounce Religion


You were in an ossuary.
You worshipped Ru.
Ru was pleased with you.
You visited 1 branch of the dungeon, and saw 4 of its levels.
You also visited: Ossuary.

You collected 189 gold pieces.

Inventory:

Hand Weapons
 a - a +0 falchion of venom (weapon)
Missiles
 j - 4 poisoned darts (quivered)
Armour
 i - a +2 robe of cold resistance (worn)
 n - a +2 cloak of stealth (worn)
Jewellery
 k - an amulet of magic regeneration
 u - a ring of fire
 v - an amulet of reflection (around neck)
Wands
 q - a wand of flame (7)
Scrolls
 b - a scroll of fear {unknown}
 d - a scroll of noise
 h - a scroll of poison
 p - a scroll of blinking {unknown}
Potions
 c - a potion of degeneration {unknown}
 e - 2 potions of brilliance {unknown}
 f - 3 potions of heal wounds
 g - a potion of berserk rage {unknown}
 l - 2 potions of haste {unknown}
 m - a potion of might {unknown}
 o - 3 potions of curing {unknown}
 r - a potion of flight {unknown}
 s - a potion of ambrosia {unknown}
 t - a potion of resistance {unknown}


   Skills:
 + Level 2.2 Fighting
 + Level 7.2 Long Blades
 - Level 1.7 Dodging
 + Level 2.5 Spellcasting
 - Level 3.0 Conjurations
 - Level 2.6 Evocations


You had 8 spell levels left.
You knew the following spells:

 Your Spells              Type           Power      Damage    Failure   Level
a - Kiss of Death         Conj/Necr      20%        2d7       13%         1
b - Momentum Strike       Conj/Tloc      10%        3d8       21%         2

Your spell library contained the following spells:

 Spells                   Type           Power      Damage    Failure   Level
 Cigotuvi's Dreadful Rot  Necr/Pois/Air  2%         N/A       36%         2
 Hailstorm                Conj/Ice       5%         3d4       36%         3
 Frozen Ramparts          Ice            2%         1d1       58%         3
 Inner Flame              Hex/Fire       1%         N/A       58%         3
 Dispel Undead            Necr           1%         3d6       94%         4
 Ice Form                 Ice/Tmut       1%         N/A       94%         4
 Yara's Violent Unravell  Hex/Tmut       0%         3d3       100%        5
 Enfeeble                 Hex            0%         N/A       100%        7
 Summon Ice Beast         Ice/Summ       Unusable   N/A       N/A         4
 Death Channel            Necr           Unusable   N/A       N/A         6

Dungeon Overview and Level Annotations

Branches:
Dungeon (4/15)             Temple (0/1) D:4         Ossuary (1/1)

Altars:
Ashenzari
Ru
Trog


Innate Abilities, Weirdness & Mutations

You cannot be hasted, slowed, berserked, paralysed or teleported.
You can dig through walls and to a lower floor.
You have a pair of large antennae on your head. (SInv)
You cannot be stealthy.
You are hated by all.
Your four strong arms can wield two-handed weapons with a shield.


Message History

The gnoll zombie is heavily damaged.
The gnoll zombie barely misses you.
You slash the gnoll zombie!
The gnoll zombie is almost destroyed.
You hit the gnoll zombie but do no damage.
The gnoll zombie is almost destroyed.
The gnoll zombie hits you.
Your magical contamination has completely faded away.
You hit the gnoll zombie.
You destroy the gnoll zombie!
Magic restored.
The mummy hits you!
You hit the mummy.
The mummy is lightly damaged.
You hit the mummy but do no damage.
The mummy is lightly damaged.
The mummy hits you!
You hit the mummy.
The mummy is moderately damaged.
You slash the mummy! Your punch misses the mummy.
The mummy is heavily damaged.
The mummy barely misses you.
You slash the mummy!
The mummy is almost destroyed.
You hit the mummy but do no damage.
The mummy is almost destroyed.
The mummy hits you!
* * * LOW HITPOINT WARNING * * *
Casting: Momentum Strike (safe; 21% risk of failure)
Confirm with . or Enter, or press ? or * to list all spells.
You can't see any susceptible monsters within range! (Use Z to cast anyway.) Throw: 4 darts (poison)
Press: ? - help, Q - select action, (/) - cycle Shift-Dir - straight line, f - mummy
Aim: a mummy (almost destroyed, 73% to hit)
Okay, then.
Unknown command.
You hit the mummy but do no damage.
The mummy is almost destroyed.
The mummy hits you!
You die...

## #..##..##..## #{
#..##..##..## { #..##..##..##
##..##..##..## ##..##..##..## {
##..##..##..## ##..##..##..##
##M.##..##..## { ##@.##..##..##
#################..##..##..##
....................##..##..##
#######################..##..##
.......................^..##∩∩#
###############################


You could see a mummy.

Vanquished Creatures
  An ice beast (D:3)
  A howler monkey (D:4)
  An orc priest (D:4)
  A human skeleton (D:4)
  An iguana (D:4)
  3 orc wizards (D:4)
  Terence (D:3)
  A mummy (Ossuary)
  5 adders
  An ufetubus (D:4)
  2 worms
  4 dart slugs
  2 orcs
  5 bats
  11 endoplasms
  6 giant cockroaches
  5 goblins
  10 hobgoblins
  4 kobolds
  A quokka (D:3)
  6 ball pythons
  5 frilled lizards
  5 gnoll skeletons (Ossuary)
  3 gnoll zombies (Ossuary)
  6 goblin skeletons (Ossuary)
  2 goblin zombies (Ossuary)
  A hobgoblin skeleton (Ossuary)
  2 hobgoblin zombies (Ossuary)
  A kobold skeleton (Ossuary)
  2 kobold zombies (Ossuary)
  9 orc skeletons
  10 orc zombies (Ossuary)
  4 rats
  7 rat skeletons (Ossuary)
  3 rat zombies (Ossuary)
132 creatures vanquished.

Vanquished Creatures (others)
  Crazy Yiuf (D:2)
1 creature vanquished.

Grand Total: 133 creatures vanquished

Notes
Turn   | Place    | Note
-------+----------+-------------------------------------------
     0 | D:1      | bearlyready the Formicid Reaver began the quest for the
                  | Orb.
     0 | D:1      | Reached XP level 1. HP: 16/16 MP: 3/3
    97 | D:1      | Reached XP level 2. HP: 17/22 MP: 5/5
   279 | D:1      | Reached skill level 4 in Long Blades
   279 | D:1      | Reached XP level 3. HP: 25/27 MP: 6/6
   727 | D:1      | Found a faded altar of an unknown god.
   791 | D:1      | Prayed at the altar of an unknown god.
   791 | D:1      | Became a worshipper of Ru the Awakened
   800 | D:1      | Gained mutation: You are hated by all. [Ru sacrifice]
   800 | D:1      | Reached * piety under Ru
   800 | D:1      | Reached ** piety under Ru
   828 | D:1      | You fall into a shaft and drop 1 floor!
   866 | D:2      | Found a bloodstained altar of Trog.
  1241 | D:2      | Reached XP level 4. HP: 33/33 MP: 7/7
  1678 | D:2      | Found a runed translucent door.
  1679 | D:2      | Noticed Crazy Yiuf
  1684 | D:2      | Killed Crazy Yiuf
  1685 | D:2      | Reached skill level 5 in Long Blades
  1754 | D:3      | Noticed an ice beast
  1889 | D:3      | Killed an ice beast
  1890 | D:3      | Reached skill level 6 in Long Blades
  1890 | D:3      | Reached XP level 5. HP: 10/32 MP: 6/8
  1890 | D:3      | Reached XP level 6. HP: 12/38 MP: 6/9
  2284 | D:3      | Noticed Terence
  2294 | D:3      | Found a broken altar of Ashenzari.
  2299 | D:3      | Killed Terence
  3093 | D:4      | Reached skill level 1 in Evocations
  3136 | D:4      | Found a staircase to the Ecumenical Temple.
  3240 | D:4      | Reached XP level 7. HP: 23/45 MP: 10/10
  3252 | D:4      | Reached skill level 7 in Long Blades
  3372 | D:4      | Learned a level 2 spell: Momentum Strike
  3637 | D:4      | Found a sand-covered staircase.
  3644 | Ossuary  | Entered an ossuary
  3662 | Ossuary  | Gained mutation: You cannot be stealthy. [Ru sacrifice]
  4127 | Ossuary  | Slain by a mummy

Illustrated notes

Levels and vault maps discovered:
D:1:      lemuel_arrival_rhombus, layout_basic, shapermc_ecumenical_altar_petra,
          minmay_strange_pillars, nicolae_concentric_dashed_squares_mild
D:2:      layout_loops_ring, basic_altar, uniq_crazy_yiuf_cottage
D:3:      layout_basic, lemuel_coloured_pillars_altar, nicolae_hexahallways,
          minmay_misc_feat_roman, eino_tiny_chamber, uniq_terence
D:4:      layout_loops_ring, minmay_temple_entry_junction,
          nicolae_ossuary_entry_catacombs, kennysheep_small_spiral
Ossuary:  ossuary_due_pyramid

Skill      XL: |  1  2  3  4  5  6  7 |
---------------+----------------------+-----
Long Blades    | 4 6 7 |  7.2
Evocations     | 2 |  2.6
Conjurations   | 3 |  3.0
Fighting       | |  2.2
Dodging        | |  1.7
Spellcasting   | |  2.5

Action                     |  1- 3 |  4- 6 |  7- 9 || total
---------------------------+-------+-------+-------++-------
  Melee: Falchion          |   115 |   144 |   221 ||   480
         Punch             |     1 |       |     3 ||     4
  Throw: Dart              |       |     2 |       ||     2
   Cast: Kiss of Death     |       |     3 |       ||     3
 Invoke: Sacrifice Love    |     1 |       |       ||     1
         Sacrifice Stealth |       |       |     1 ||     1
Ability: Dig               |       |     3 |     2 ||     5
    Use: Scroll            |       |     4 |       ||     4
         Potion            |       |       |     1 ||     1
   Stab: Sleeping          |       |     2 |     3 ||     5
         Distracted        |       |       |     2 ||     2
 Armour: Leather armour    |    26 |    28 |       ||    54
         Scale mail        |       |    18 |     7 ||    25
         Robe              |       |       |    37 ||    37
  Dodge: Dodged            |    82 |    70 |    72 ||   224
  Block: Other             |       |    10 |    33 ||    43
